 Dungeon Crawl Stone Soup version 0.30.0-29-ga12c61a403 (webtiles) character file.

Game seed: 12929429247174069159

10845 safid the Frost Mage (level 11, -6/93 HPs)
             Began as a Merfolk Ice Elementalist on June 14, 2023.
             Was a Priest of Vehumet.
             Mangled by a polar bear (19 damage)
             ... on level 1 of the Lair of Beasts.
             The game lasted 00:23:00 (12389 turns).

safid the Frost Mage (Merfolk Ice Elementalist)    Turns: 12389, Time: 00:23:01

Health: -6/93      AC: 17    Str:  8    XL:     11   Next: 68%
Magic:  33/33      EV: 12    Int: 19    God:    Vehumet [***...]
Gold:   338        SH:  0    Dex: 12    Spells: 19/29 levels left

rFire   + . .        G - +5 triple sword "Dewapt" {freeze, rPois rF+ Will+ Dex-3}
rCold   . . .        (shield currently unavailable)
rNeg    . . .        H - +2 robe {Will+}
rPois   +            A - +0 helmet
rElec   .            y - +2 cloak
rCorr   .            (no gloves)
SInv    .            (no boots)
Will    ++...        q - amulet of magic regeneration
Stlth   ++           k - ring of magical power
HPRegen 0.35/turn    j - ring of wizardry
MPRegen 0.63/turn

%: wizardry (x1)
@: ice-armoured, studying Stealth
A: (nimble swimmer 2), mertail
a: Renounce Religion


You were on level 1 of the Lair of Beasts.
You worshipped Vehumet.
Vehumet was most pleased with you.
You visited 3 branches of the dungeon, and saw 12 of its levels.
You also visited: Bailey.

You collected 618 gold pieces.
You spent 280 gold pieces at shops.

Inventory:

Hand Weapons
 p - the +3 dagger of Gitreo Foeq {flame, Dex+5}
   (You took it off a gnoll on level 5 of the Dungeon)

   Dex:       It affects your dexterity (+5).
 G - the +5 triple sword "Dewapt" (weapon) {freeze, rPois rF+ Will+ Dex-3}
   (You acquired it on level 8 of the Dungeon)

   Dex:       It affects your dexterity (-3).
   rF:        It protects you from fire.
   rPois:     It protects you from poison.
   Will:      It increases your willpower.
Missiles
 i - a curare-tipped dart
Armour
 y - a +2 cloak (worn)
 A - a +0 helmet (worn)
 H - a +2 robe of willpower (worn)
 I - a +2 kite shield
Jewellery
 j - a ring of wizardry (right hand)
 k - a ring of magical power (left hand)
 q - an amulet of magic regeneration (around neck)
Wands
 d - a wand of paralysis (7)
 t - a wand of flame (30)
 J - a wand of quicksilver (7)
 K - a wand of mindburst (1)
Scrolls
 a - 2 scrolls of poison
 c - 2 scrolls of fear
 f - 3 scrolls of fog
 n - 4 scrolls of teleportation
 r - a scroll of enchant armour
 s - a scroll of immolation {unknown}
 u - 2 scrolls of enchant weapon
 v - a scroll of vulnerability {unknown}
 x - 2 scrolls of blinking
 B - a scroll of amnesia
Potions
 b - a potion of magic
 e - 8 potions of haste
 g - 3 potions of heal wounds
 h - 3 potions of cancellation
 l - a potion of brilliance {unknown}
 m - a potion of attraction {unknown}
 o - 3 potions of resistance
 w - 4 potions of curing
 z - a potion of flight {unknown}
 C - a potion of lignification {unknown}
 D - 2 potions of might {unknown}
 E - 3 potions of invisibility
 F - a potion of mutation {unknown}


   Skills:
 + Level 11.4 Fighting
 - Level 2.6 Dodging
 - Level 2.1 Stealth
 + Level 9.9 Spellcasting
 + Level 12.2 Ice Magic


You had 19 spell levels left.
You knew the following spells:

 Your Spells              Type           Power      Damage    Failure   Level
a - Freeze                Ice            100%       1d10      1%          1
b - Frozen Ramparts       Ice            100%       1d16      1%          3
c - Ozocubu's Armour      Ice            54%        N/A       1%          3
d - Hailstorm             Conj/Ice       32%        3d8       1%          3

Your spell library contained the following spells:

 Spells                   Type           Power      Damage    Failure   Level
 Dazzling Flash           Conj/Hex       18%        N/A       2%          3
 Sandblast                Erth           18%        2d7       1%          1
 Stone Arrow              Conj/Erth      18%        3d8       2%          3
 Summon Ice Beast         Ice/Summ       32%        N/A       2%          4
 Passwall                 Tmut/Erth      7%         N/A       4%          2
 Gell's Gravitas          Tloc           9%         N/A       9%          3
 Teleport Other           Tloc           9%         N/A       9%          3
 Dispersal                Tloc           4%         N/A       98%         6


Dungeon Overview and Level Annotations

Branches:
Dungeon (10/15)            Temple (1/1) D:7            Lair (1/5) D:9
 Bailey (visited)
    Orc: D:9-12

Altars:
Ashenzari
Cheibriados
Dithmenos
Elyvilon
Fedhas
Gozag
Hepliaklqana
Kikubaaqudgha
Makhleb
Nemelex Xobeh
Okawaru
Qazlal
Ru
Sif Muna
Trog
Uskayaw
Vehumet
Wu Jian
Xom
Yredelemnul
Zin
The Shining One

Shops:
D:5 *   D:7 [   D:8 ?   D:9 =:(([


Innate Abilities, Weirdness & Mutations

((You are very nimble when in or above water. (Stealth+, EV+, Speed+++)))
Your lower body shifts to a powerful aquatic tail in water.


Message History

The polar bear bites you!
* * * LOW HITPOINT WARNING * * *
The polar bear claws you but does no damage. x2
You hit the polar bear but do no damage.
The polar bear is severely wounded.
The polar bear bites you but does no damage.
The polar bear claws you but does no damage. x2
The polar bear bites you!
* * * LOW HITPOINT WARNING * * *
The polar bear claws you but does no damage.
The polar bear closely misses you.
You feel much better. The polar bear completely misses you.
The polar bear claws you.
The polar bear claws you but does no damage.
The polar bear barely misses you. The polar bear claws you.
* * * LOW HITPOINT WARNING * * *
The polar bear claws you but does no damage.
Unknown command.
You hit the polar bear.
The polar bear is severely wounded.
The polar bear bites you.
* * * LOW HITPOINT WARNING * * *
The polar bear misses you. The polar bear barely misses you.
The polar bear misses you.
The polar bear claws you but does no damage. x2
The polar bear barely misses you. The polar bear claws you.
* * * LOW HITPOINT WARNING * * *
The polar bear barely misses you.
You barely miss the polar bear.
The polar bear is severely wounded.
The polar bear bites you.
* * * LOW HITPOINT WARNING * * *
The polar bear barely misses you. The polar bear claws you.
* * * LOW HITPOINT WARNING * * *
The polar bear barely misses you.
The polar bear claws you but does no damage. x2
You slash the polar bear!
The polar bear is almost dead.
The polar bear bites you!!
You die...

#.# . #.. ..
###.# .. ...#
#. ... .. #.#
#.#.##
#..@.####
......h#.<..#
.#.###...P.##
......####
#.##.## ##


You could see a polar bear (berserk).

Vanquished Creatures
  A boulder beetle (D:8)
  A two-headed ogre (D:10)
  2 manticores
  A cane toad (Lair:1)
  An unseen horror (D:10)
  A komodo dragon (D:9)
  3 trolls
  A hornet (D:9)
  Prince Ribbit (D:7)
  A wyvern (D:7)
  3 yaks (D:8)
  A wraith (D:8)
  5 steam dragons
  A vampire mosquito (D:9)
  An acid dragon (D:7)
  4 water moccasins
  2 ice beasts
  2 sky beasts (D:7)
  6 orc warriors
  An ogre (D:4)
  A black bear (D:6)
  3 centaurs
  3 kobold brigands
  2 phantoms (D:6)
  2 scorpions
  3 bullfrogs
  12 wights
  27 killer bees
  3 howler monkeys
  2 electric eels (D:7)
  3 jellies
  8 orc priests
  6 hounds
  A sleepcap (D:5)
  Ijyb (D:3)
  4 iguanas
  7 orc wizards
  12 gnolls
  5 adders
  A shadow imp (D:7)
  2 white imps
  3 worms
  4 dart slugs
  38 orcs
  5 ball pythons
  4 endoplasms
  A giant cockroach (D:4)
  9 goblins
  7 hobgoblins
  2 jackals (D:1)
  17 kobolds
  6 quokkas
  6 bats
  3 frilled lizards
  A rat (D:2)
253 creatures vanquished.

Notes
Turn   | Place    | Note
-------+----------+-------------------------------------------
     0 | D:1      | safid the Merfolk Ice Elementalist began the quest for the
                  | Orb.
     0 | D:1      | Reached XP level 1. HP: 13/13 MP: 3/3
   213 | D:1      | Reached XP level 2. HP: 9/20 MP: 3/5
   338 | D:1      | Reached skill level 1 in Fighting
  1149 | D:2      | Reached XP level 3. HP: 21/26 MP: 6/6
  1975 | D:3      | Reached skill level 5 in Ice Magic
  1991 | D:3      | Reached XP level 4. HP: 27/33 MP: 8/8
  2106 | D:3      | Learned a level 3 spell: Frozen Ramparts
  2110 | D:3      | Learned a level 3 spell: Ozocubu's Armour
  2324 | D:3      | Found a faded altar of an unknown god.
  2335 | D:3      | Noticed Ijyb
  2348 | D:3      | Killed Ijyb
  2913 | D:4      | Reached XP level 5. HP: 39/39 MP: 9/9
  3267 | D:4      | Reached XP level 6. HP: 33/47 MP: 11/11
  3420 | D:4      | You fall into a shaft and drop 1 floor!
  3420 | D:5      | Entered Level 5 of the Dungeon
  3459 | D:5      | Noticed a water moccasin
  3634 | D:4      | Reached skill level 6 in Ice Magic
  4151 | D:5      | Reached XP level 7. HP: 54/54 MP: 13/13
  4300 | D:5      | Noticed a steam dragon
  4310 | D:5      | Killed a steam dragon
  4311 | D:5      | Reached skill level 5 in Fighting
  4321 | D:5      | Reached skill level 7 in Ice Magic
  4330 | D:5      | Reached XP level 8. HP: 43/62 MP: 15/15
  4419 | D:5      | Reached skill level 5 in Spellcasting
  4493 | D:5      | Found Yrirol's General Store.
  4493 | D:5      | Identified the +3 dagger of Gitreo Foeq {flame, Dex+5}
  5485 | D:6      | Reached skill level 8 in Ice Magic
  5804 | D:7      | Noticed a wyvern
  5809 | D:7      | Reached XP level 9. HP: 37/71 MP: 18/18
  6064 | D:7      | Found a staircase to the Ecumenical Temple.
  6074 | Temple   | Entered the Ecumenical Temple
  6508 | Temple   | Became a worshipper of Vehumet
  6574 | D:7      | Found Ukisaf's Antique Armour Emporium.
  6575 | D:7      | Noticed Prince Ribbit
  6582 | D:7      | Killed Prince Ribbit
  6657 | D:7      | Reached skill level 9 in Ice Magic
  8025 | D:7      | Reached * piety under Vehumet
  8025 | D:7      | Offered knowledge of Magic Dart by Vehumet.
  8026 | D:7      | Reached XP level 10. HP: 70/82 MP: 21/21
  8119 | D:8      | Found Yhidaf's Magic Scroll Shop.
  8131 | D:8      | Bought a scroll of magic mapping for 90 gold pieces
  8148 | D:8      | Noticed a boulder beetle
  8165 | D:8      | Found a flagged portal.
  8177 | Bailey   | Entered a bailey
  8780 | D:8      | Acquired the +5 triple sword "Dewapt" {freeze, rPois rF+
                  | Will+ Dex-3}
  8802 | D:8      | Reached skill level 10 in Ice Magic
  8824 | D:8      | Killed a boulder beetle
  9220 | D:8      | Reached ** piety under Vehumet
  9271 | D:8      | Offered knowledge of Shock by Vehumet.
  9902 | D:8      | Found a hazy altar of Hepliaklqana.
  9902 | D:8      | Found a sparkling altar of Nemelex Xobeh.
 10191 | D:7      | Bought a twisted cloak for 190 gold pieces
 10191 | D:7      | Identified the +0 cloak of the Learner {*Slow rCorr Str+5}
                  | (You bought it in a shop on level 7 of the Dungeon)
 10291 | D:9      | Reached skill level 10 in Fighting
 10295 | D:9      | Reached skill level 11 in Ice Magic
 10315 | D:9      | Found Letyol's Antique Armour Boutique.
 10359 | D:9      | Reached XP level 11. HP: 52/92 MP: 24/24
 10595 | D:9      | Learned a level 3 spell: Hailstorm
 10685 | D:9      | Offered knowledge of Dazzling Flash by Vehumet.
 10753 | D:9      | Found Haorown's Book Shoppe.
 10754 | D:9      | Found Ydynisch's Weapon Shoppe.
 10755 | D:9      | Found Focwad's Jewellery Shoppe.
 10938 | D:9      | Found Renuxtaf's Antique Weapon Shoppe.
 11091 | D:9      | Found a staircase to the Lair.
 11347 | D:9      | Noticed a manticore
 11361 | D:9      | Killed a manticore
 11750 | D:10     | Entered Level 10 of the Dungeon
 11862 | D:10     | Identified the +7 chain mail "Jayj Rump" {rElec}
 11903 | D:10     | Noticed a manticore
 11909 | D:10     | Killed a manticore
 11910 | D:10     | Reached skill level 12 in Ice Magic
 11972 | D:10     | Reached *** piety under Vehumet
 12225 | D:10     | Noticed a two-headed ogre
 12240 | D:10     | Killed a two-headed ogre
 12370 | Lair:1   | Entered Level 1 of the Lair of Beasts
 12385 | Lair:1   | HP: 3/93 [polar bear (15)]
 12389 | Lair:1   | Mangled by a polar bear

Illustrated notes

Levels and vault maps discovered:
D:1:      psy_arrival_statuary, layout_basic, minmay_misc_feat_tiny
D:2:      layout_basic
D:3:      layout_basic, dreamdust_ecumenical_altar_grove, uniq_ijyb
D:4:      layout_basic
D:5:      layout_rooms, serial_shops, shop, wad_rectangle_vault
D:6:      layout_cave_pods
D:7:      layout_loops_ring, minmay_temple_entry_proselytizer, serial_shops,
          nicolae_take_the_stairs, kennysheep_dice, uniq_prince_ribbit1
D:8:      layout_basic, jmf_multi_god_temple, enter_bailey_5, serial_shops,
          nicolae_shop_statue_plus
D:9:      layout_long_grid, david_lair_shrubbed, serial_shops, shop,
          minmay_shop_grid_forest, minmay_fractal_squares_diagonal_5
D:10:     layout_rooms
Temple:   mainiacjoe_temple_big_plus
Lair:1:   dragon1_lemuel, layout_loops_ring, enter_volcano_4

Skill      XL: |  1  2  3  4  5  6  7  8  9 10 11 |
---------------+----------------------------------+-----
Fighting       | 1 2 3 4 5 6 8 10 11 | 11.4
Ice Magic      | 5 6 7 8 9 11 12 | 12.2
Spellcasting   | 3 4 6 7 9 |  9.9
Dodging        | |  2.6
Stealth        | |  2.1

Action                     |  1- 3 |  4- 6 |  7- 9 | 10-12 || total
---------------------------+-------+-------+-------+-------++-------
  Melee: Short sword       |    48 |       |       |       ||    48
         Unarmed           |     1 |       |       |       ||     1
         Whip              |    58 |    62 |    21 |       ||   141
         Punch             |     1 |       |     2 |     2 ||     5
         Dagger            |       |       |   150 |    46 ||   196
         Triple sword      |       |       |       |   108 ||   108
   Cast: Freeze            |     7 |    11 |    39 |    75 ||   132
         Frozen Ramparts   |       |     6 |    29 |    39 ||    74
         Ozocubu's Armour  |       |     4 |    23 |    27 ||    54
    Use: Potion            |       |       |     3 |     4 ||     7
         Scroll            |       |       |     4 |    11 ||    15
   Stab: Sleeping          |     3 |     6 |     1 |     5 ||    15
         Distracted        |       |       |     1 |       ||     1
 Armour: Robe              |    21 |     9 |    75 |   204 ||   309
  Dodge: Dodged            |    63 |    47 |   119 |   322 ||   551
